 Dungeon Crawl Stone Soup version 0.20.0-8-g6b59dc7 (webtiles) character file.

2101 shpingle the Ducker (level 9, -2/53 HPs)
             Began as a Tengu Warper on May 31, 2017.
             Was a Priest of Hepliaklqana.
             Killed from afar by Erica (30 damage)
             ... with a bolt of poison
             ... on level 8 of the Dungeon.
             The game lasted 00:40:55 (8834 turns).

shpingle the Ducker (Tengu Warper)                  Turns: 8834, Time: 00:40:55

Health: -2/53      AC:  5    Str: 11    XL:     9   Next: 28%
Magic:  12/12      EV: 15    Int: 16    God:    Hepliaklqana [***...]
Gold:   448        SH: 12    Dex: 17    Spells: 11/13 levels left

rFire    . . .     SeeInvis .   C - +0 hand crossbow (velocity)
rCold    + + .     Gourm    .   l - +0 buckler
rNeg     . . .     Faith    .   w - +2 robe {rC+}
rPois    .         Spirit   .   (helmet restricted)
rElec    .         Reflect  +   Y - +0 cloak
rCorr    .         Harm     .   (no gloves)
MR       .....                  (boots unavailable)
Stlth    ++........             O - +3 amulet of reflection
Regen    0.2/turn               X - ring of protection from cold
MPRegen  0.2/turn               (no ring)

@: lethally poisoned (-2 -> -17)
A: reduced essence, beak, horns 1, talons 3, large bone plates 1, agile 1, low
mp 1, robust 1, able to fly 1
a: Fly, Recall Ancestor, Ancestor Identity, Transference, Renounce Religion


You were on level 8 of the Dungeon.
You worshipped Hepliaklqana.
Hepliaklqana was most pleased with you.
You were not hungry.

You visited 2 branches of the dungeon, and saw 9 of its levels.

You collected 448 gold pieces.

Inventory:

Hand Weapons
 a - a +0 blowgun
 b - a +3 whip of venom
 C - a +0 hand crossbow of velocity (weapon)
 H - a +0 hunting sling
 W - the +5 hand axe "Ehovynt" {protect, Stlth+}
   (You found it on level 6 of the Dungeon)

   It protects the one who uses it against injury (+AC on strike).
   It makes you more stealthy.
Missiles
 e - 4 tomahawks of dispersal
 h - 452 stones
 D - 2 curare-tipped needles
 F - 56 poisoned needles
 M - 9 tomahawks
 P - 84 bolts (quivered)
Armour
 l - a +0 buckler (worn)
 s - a +0 leather armour
 t - a +0 ring mail
 w - a +2 robe of cold resistance (worn)
 Y - a +0 cloak (worn)
Jewellery
 O - a +3 amulet of reflection (around neck)
 X - a ring of protection from cold (left hand)
Wands
 y - a wand of polymorph (11/24)
 B - a wand of flame (13/48)
 J - a wand of iceblast (2/15)
Scrolls
 d - 5 scrolls of blinking
 i - 2 scrolls of identify
 x - 2 scrolls of fear
 K - a scroll of random uselessness {unknown}
 L - 3 scrolls of remove curse
 R - a scroll of teleportation
 V - a scroll of amnesia
Potions
 q - 2 potions of mutation
 z - a potion of curing
 A - a potion of heal wounds
 E - 2 potions of lignification
 G - 2 potions of magic
 I - a potion of cancellation
 S - a potion of berserk rage
 U - a potion of brilliance
Books
 c - a book of Spatial Translocations

   Spells                             Type                      Level
   a - Blink                          Translocation                2
   b - Shroud of Golubria             Charms/Translocation         2
   c - Lesser Beckoning               Translocation                3
   d - Gell's Gravitas                Translocation                3
   e - Teleport Other                 Translocation                3
   f - Passage of Golubria            Translocation                4
 v - a Young Poisoner's Handbook

   Spells                             Type                      Level
   a - Sting                          Conjuration/Poison           1
   b - Poisonous Vapours              Poison/Air                   2
   c - Mephitic Cloud                 Conjuration/Poison/Air       3
   d - Olgreb's Toxic Radiance        Poison                       4
   e - Venom Bolt                     Conjuration/Poison           5
 Z - a book of Air

   Spells                             Type                      Level
   a - Shock                          Conjuration/Air              1
   b - Swiftness                      Charms/Air                   2
   c - Static Discharge               Conjuration/Air              3
   d - Airstrike                      Air                          4
   e - Lightning Bolt                 Conjuration/Air              5
Comestibles
 f - 2 bread rations
 u - 3 chunks of flesh
 N - 2 fruits
 Q - 3 royal jellies
 T - 4 meat rations


   Skills:
 + Level 4.9 Fighting
   Level 3.4 Long Blades
 + Level 1.5(2.8) Axes
 - Level 3.7(3.9) Maces & Flails
 + Level 3.1 Crossbows
 - Level 2.5 Throwing
 - Level 3.0 Armour
 + Level 5.2 Dodging
 - Level 4.0 Shields
 + Level 2.7 Spellcasting
 - Level 3.0 Translocations
 + Level 3.1 Invocations
 + Level 3.3 Evocations


You had 11 spell levels left.
You knew the following spells:

 Your Spells              Type           Power        Failure   Level  Hunger
a - Blink                 Tloc           N/A          9%          2    ##.....


Dungeon Overview and Level Annotations

Branches:
Dungeon (8/15)             Temple (1/1) D:7
   Lair: D:8-11

Altars:
Ashenzari
Cheibriados
Dithmenos
Elyvilon
Gozag
Hepliaklqana
Kikubaaqudgha
Makhleb
Okawaru
Qazlal
Sif Muna
Trog
Uskayaw
Vehumet
Xom
Yredelemnul
Zin
Jiyva

Annotations:
D:8 Erica


Innate Abilities, Weirdness & Mutations

You have a beak for a mouth.
You have claws for feet.
You can fly.
Your life essence is reduced. (-10% HP)
You have a pair of small horns on your head.
You are partially covered in large bone plates. (SH +4)
You are agile. (Dex +2)
Your magical capacity is low. (-10% MP)
You are robust. (+10% HP)


Message History

The bolt of poison hits you!
You are poisoned.
* * * LOW HITPOINT WARNING * * *
The quokka misses you.
You take 25 damage, and have 25/53 hp.
MASSIVE DAMAGE!!
You feel better. The quokka closely misses you.
You hear some strange, mumbled words.
An orb of energy appears from out of thin air!
The orb of energy hits you!
* * * LOW HITPOINT WARNING * * *
Fresh Soup hits something with a quarterstaff!
You take 13 damage, and have 12/53 hp.
MASSIVE DAMAGE!!
You feel much better.
The quokka bites you but does no damage.
You hear some strange, mumbled words.
A bolt of poison appears from out of thin air!
The bolt of poison hits you!
You are poisoned.
Ouch! That really hurt!
You die...

█....█ ███████.█
█....█ ........█
█....█ █......█ █....█
█......█ █....█
█......█ █....██
█.(R...█████████......
█..{.r..........█.....
█....@..........+.....
█..............~███'██
..................█
█.█
..............█████
█.█ ....█████████.█
█.█ .... █.███████'██
███ █.█........█
█.█........█
█.█........█


You could see the friendly Fresh Soup the battlemage and a quokka.

Vanquished Creatures
  An ice beast (D:5)
  A phantom (D:4)
  A centaur (D:5)
  3 scorpions
  6 electric eels (D:5)
  A quasit (D:7)
  Jessica (D:2)
  Natasha (thrice) (D:2)
  An iguana (D:8)
  3 worker ants
  A killer bee zombie (D:4)
  A howler monkey zombie (D:5)
  A worker ant zombie (D:6)
  Robin (D:3)
  4 adders
  A worm (D:3)
  2 dart slugs
  2 leopard geckos
  5 orcs
  5 bats
  4 giant cockroaches
  10 goblins
  5 hobgoblins
  4 jackals (D:1)
  5 kobolds
  5 quokkas
  2 ball pythons
  6 frilled lizards
  2 jackal skeletons (D:7)
  A jackal zombie (D:4)
  A quokka zombie (D:8)
  5 rats
  A plant (D:5)
95 creatures vanquished.

Vanquished Creatures (collateral kills)
  Eustachio (D:5)
  A sky beast (D:6)
  A phantom (D:7)
  An ogre (D:6)
  2 bullfrogs
  A scorpion (D:7)
  2 howler monkeys
  A centaur zombie (D:6)
  A crimson imp (D:5)
  A hound (D:7)
  Crazy Yiuf (D:6)
  2 orc priests
  An orc wizard (D:7)
  2 iguanas
  2 worker ants
  5 adders
  A shadow imp (D:6)
  2 worms
  2 leopard geckos
  6 orcs
  2 giant cockroaches (D:4)
  A goblin (D:2)
  A hobgoblin (D:3)
  2 kobolds (D:3)
  A quokka (D:3)
  2 bats (D:3)
  A frilled lizard (D:4)
  A jackal skeleton (D:4)
  A leopard gecko skeleton (D:5)
48 creatures vanquished.

Vanquished Creatures (others)
  4 ancestors
4 creatures vanquished.

Grand Total: 147 creatures vanquished

Notes
Turn   | Place    | Note
-------+----------+-------------------------------------------
     0 | D:1      | shpingle the Tengu Warper began the quest for the Orb.
     0 | D:1      | Reached XP level 1. HP: 12/12 MP: 4/4
   380 | D:1      | Reached skill level 3 in Long Blades
   380 | D:1      | Reached XP level 2. HP: 17/17 MP: 6/6
   818 | D:1      | Learned a level 2 spell: Blink
  1160 | D:1      | Reached XP level 3. HP: 20/21 MP: 7/7
  1506 | D:2      | Noticed Jessica
  1511 | D:2      | Found a hazy altar of Hepliaklqana.
  1522 | D:2      | Killed Jessica
  1522 | D:2      | Reached XP level 4. HP: 16/26 MP: 8/8
  1552 | D:2      | Became a worshipper of Hepliaklqana the Forgotten
  1985 | D:2      | Noticed Natasha
  1989 | D:2      | Killed Natasha
  2024 | D:2      | Gained mutation: You can fly. [Tengu growth]
  2024 | D:2      | Reached XP level 5. HP: 27/27 MP: 9/9
  2180 | D:2      | Noticed Natasha
  2192 | D:2      | Killed Natasha
  2543 | D:2      | Noticed Natasha
  2549 | D:2      | Killed Natasha
  2811 | D:3      | Gained mutation: Your body sometimes deteriorates upon taking damage. [potion of mutation]
  2811 | D:3      | Gained mutation: You expend magic power (3 MP) to strengthen your wands. [potion of mutation]
  2811 | D:3      | Gained mutation: Your spells are a little harder to cast, but a little more powerful. [potion of mutation]
  2812 | D:3      | Lost mutation: Your spells are a little harder to cast, but a little more powerful. [potion of mutation]
  2812 | D:3      | Lost mutation: Your body sometimes deteriorates upon taking damage. [potion of mutation]
  2812 | D:3      | Lost mutation: You expend magic power (3 MP) to strengthen your wands. [potion of mutation]
  2812 | D:3      | Gained mutation: Your magical capacity is low. (-10% MP) [potion of mutation]
  2812 | D:3      | Gained mutation: You have a pair of small horns on your head. [potion of mutation]
  2812 | D:3      | Gained mutation: You are agile. (Dex +2) [potion of mutation]
  2812 | D:3      | Gained mutation: You are partially covered in large bone plates. (SH +4) [potion of mutation]
  3196 | D:3      | Reached * piety under Hepliaklqana
  3367 | D:3      | Noticed Robin
  3391 | D:3      | Killed Robin
  3391 | D:3      | Reached skill level 3 in Dodging
  3483 | D:3      | Found a white marble altar of Elyvilon.
  3492 | D:3      | Reached XP level 6. HP: 32/32 MP: 9/9
  3880 | D:4      | Reached skill level 3 in Translocations
  3886 | D:4      | Reached skill level 3 in Fighting
  4198 | D:4      | Noticed a phantom
  4240 | D:4      | Killed a phantom
  4240 | D:4      | Reached XP level 7. HP: 17/36 MP: 6/10
  4841 | D:4      | Reached skill level 3 in Armour
  4966 | D:5      | Entered Level 5 of the Dungeon
  4970 | D:5      | Reached skill level 3 in Shields
  5003 | D:5      | Noticed Eustachio
  5009 | D:5      | Killed Eustachio
  5552 | D:5      | Reached XP level 8. HP: 23/42 MP: 10/10
  5778 | D:5      | Reached skill level 4 in Dodging
  6171 | D:5      | Reached skill level 3 in Maces & Flails
  6253 | D:5      | Reached ** piety under Hepliaklqana
  6254 | D:5      | Remembered your ancestor Fresh Soup as a battlemage
  6959 | D:6      | Found an ancient bone altar of Kikubaaqudgha.
  6985 | D:6      | Found a runed door.
  7086 | D:6      | Found a bloodstained altar of Trog.
  7093 | D:6      | Found a deep blue altar of Sif Muna.
  7112 | D:6      | Found a radiant altar of Vehumet.
  7370 | D:6      | Reached skill level 3 in Evocations
  7377 | D:6      | Gained mutation: You are robust. (+10% HP) [mutagenic meat]
  7490 | D:6      | Got a dazzling hand axe
  7491 | D:6      | Identified the +5 hand axe "Ehovynt" {protect, Stlth+} (You found it on level 6 of the Dungeon)
  7566 | D:6      | Noticed Crazy Yiuf
  7573 | D:6      | Killed Crazy Yiuf
  7646 | D:7      | Reached XP level 9. HP: 52/52 MP: 11/11
  7650 | D:7      | Reached skill level 5 in Dodging
  7750 | D:7      | Reached skill level 3 in Invocations
  7959 | D:7      | Found a staircase to the Ecumenical Temple.
  7968 | Temple   | Entered the Ecumenical Temple
  8158 | D:7      | Reached *** piety under Hepliaklqana
  8212 | D:7      | Reached skill level 3 in Crossbows
  8821 | D:8      | Noticed Erica
  8834 | D:8      | Killed from afar by Erica

Skill      XL: |  1  2  3  4  5  6  7  8  9 |
---------------+----------------------------+-----
Long Blades    | 3 |  3.4
Shields        | 1 2 3 4 |  4.0
Maces & Flails | 1 2 3 |  3.7
Armour         | 2 3 |  3.0
Dodging        | 3 4 5 |  5.2
Throwing       | 2 |  2.5
Translocations | 3 |  3.0
Fighting       | 3 4 |  4.9
Evocations     | 1 3 |  3.3
Invocations    | 1 2 3 |  3.1
Crossbows      | 2 3 |  3.1
Axes           | 1 |  1.5
Spellcasting   | |  2.7

Action                   |  1- 3 |  4- 6 |  7- 9 || total
-------------------------+-------+-------+-------++-------
Melee: Falchion          |    51 |    10 |    10 ||    71
       Kick              |    14 |    23 |    33 ||    70
       Peck              |     6 |    15 |    15 ||    36
       Whip              |    16 |    79 |    63 ||   158
       Unarmed           |       |     4 |       ||     4
       Headbutt          |       |    10 |    14 ||    24
       Hand axe          |       |       |    28 ||    28
 Fire: Blowgun           |       |       |     5 ||     5
       Hand crossbow     |       |       |     5 ||     5
Throw: Stone             |    37 |    70 |     9 ||   116
       Tomahawk          |     1 |       |    16 ||    17
       Throwing net      |     1 |     1 |     1 ||     3
Invok: Ancestor Identity |       |     1 |       ||     1
       Ancestor Life: Ba |       |       |     1 ||     1
 Abil: Fly               |       |     1 |     4 ||     5
Evoke: Wand              |       |     2 |    14 ||    16
  Use: Potion            |     1 |     4 |     2 ||     7
       Scroll            |       |    10 |     6 ||    16
 Stab: Sleeping          |     1 |       |     4 ||     5
       Distracted        |       |       |     2 ||     2
  Eat: Chunk             |     2 |     8 |    12 ||    22
       Meat ration       |       |       |     1 ||     1
Armor: Leather armour    |    11 |       |       ||    11
       Ring mail         |     4 |     7 |       ||    11
       Robe              |       |     6 |     7 ||    13
Dodge: Dodged            |    44 |    43 |    39 ||   126
Block: Buckler           |     9 |    25 |    32 ||    66
       Rpst.: Falchion   |    10 |     1 |     1 ||    12
